 Dungeon Crawl Stone Soup version 0.32-a0-576-g706899e69d (webtiles) character file.

Game seed: 2470637815086809047

142 meatmacerator the Ruffian (level 5, 0/36 HPs)
             Began as an Octopode Fighter on Mar 1, 2024.
             Was an Initiate of Okawaru.
             Slain by kaiyo's ghost (3 damage)
             ... on level 3 of the Dungeon.
             The game lasted 00:03:06 (2390 turns).

meatmacerator the Ruffian (Octopode Fighter)        Turns: 2390, Time: 00:03:06

Health: 0/36       AC:  1    Str: 17    XL:     5   Next: 25%
Magic:  5/5        EV: 13    Int: 10    God:    Okawaru [......]
Gold:   105        SH:  4    Dex: 12    Spells: 4/4 levels left

rFire   . .          .
                       - Unarmed
rCold   . . .        a - +0 buckler
rNeg    . . .        (helmet restricted)
rPois   .            (no amulet)
rElec   .            d - ring of willpower
rCorr   .            (no ring)
SInv    .            (no ring)
Will    +....        (no ring)
Stlth   +++          (no ring)
HPRegen 0.26/turn    (no ring)
MPRegen 0.09/turn    (no ring)
                     (no ring)

%: no passive effects
@: no status effects
A: almost no armour, amphibious, 8 rings, camouflage 1, gelatinous body 1,
(nimble swimmer 1), tentacles
a: Renounce Religion


You were on level 3 of the Dungeon.
You worshipped Okawaru.
Okawaru was noncommittal.
You visited 1 branch of the dungeon, and saw 3 of its levels.

You collected 105 gold pieces.

Inventory:

Armour
 a - a +0 buckler (worn)
Jewellery
 d - a ring of willpower (left tentacle)
Scrolls
 h - a scroll of identify
Potions
 b - a potion of might
 c - a potion of heal wounds
 e - a potion of mutation {unknown}
 f - a potion of invisibility {unknown}
 g - 2 potions of brilliance {unknown}
 j - a potion of berserk rage {unknown}


   Skills:
 + Level 3.3 Fighting
 + Level 3.5 Dodging
 + Level 3.0 Stealth
 + Level 3.3 Shields
 * Level 3.7 Unarmed Combat


You had 4 spell levels left.
You didn't know any spells.
Your spell library contained the following spells:

 Spells                   Type           Power      Damage    Failure   Level
 Scorch                   Fire           0%         2d5       58%         2
 Gell's Gravitas          Tloc           0%         N/A       82%         3
 Teleport Other           Tloc           0%         N/A       82%         3
 Flame Wave               Conj/Fire      0%         2d4       99%         4
 Dispersal                Tloc           0%         N/A       100%        6
 Summon Cactus Giant      Summ           Unusable   N/A       N/A         6

Dungeon Overview and Level Annotations

Branches:
Dungeon (3/15)

Altars:
Ashenzari
Okawaru
The Shining One

Annotations:
D:3 1 runed translucent door, kaiyo's ghost, weakling KoBr


Innate Abilities, Weirdness & Mutations

You cannot wear most types of armour.
You are amphibious.
You can wear up to eight rings at the same time.
Your skin changes colour to match your surroundings (Stealth+).
Your rubbery body absorbs attacks. (AC +1, EV +1)
((You are camouflaged when in or above water. (Stealth+)))
You have tentacles for arms and can constrict up to eight enemies at once.


Message History

You kill the bullfrog!
Okawaru is honoured by your kill.
Your Stealth skill gained 2 levels and is now at level 3!
You have reached level 5!
You feel agile.
Kaiyo's ghost attacks as it pursues you!
Kaiyo's ghost hits you.
* * * LOW HITPOINT WARNING * * *
Kaiyo's ghost attacks as it pursues you!
Kaiyo's ghost barely misses you.
Kaiyo's ghost whispers, "The ORB doesn't exist."
Kaiyo's ghost attacks as it pursues you!
Kaiyo's ghost completely misses you.
There is an open door here.
Kaiyo's ghost attacks as it pursues you!
Kaiyo's ghost barely misses you.
Kaiyo's ghost attacks as it pursues you!
Kaiyo's ghost closely misses you.
Kaiyo's ghost attacks as it pursues you!
Kaiyo's ghost hits you.
* * * LOW HITPOINT WARNING * * *
Kaiyo's ghost attacks as it pursues you!
Kaiyo's ghost misses you.
Kaiyo's ghost shouts, "They lied to you.
The Dungeon just goes down and down forever."
You see here a +0 war axe.
Kaiyo's ghost attacks as it pursues you!
Kaiyo's ghost misses you.
Kaiyo's ghost attacks as it pursues you!
Kaiyo's ghost barely misses you.
There is an open door here.
Kaiyo's ghost attacks as it pursues you!
Kaiyo's ghost barely misses you.
There is an open door here.
Kaiyo's ghost attacks as it pursues you!
Kaiyo's ghost hits you.
* * * LOW HITPOINT WARNING * * *
There is a stone staircase leading up here.
There are no items here.
Kaiyo's ghost hits you.
You die...

#....#F~~~ #....+W~r~
#....#~~~~ #...######
#...#..#.. #.........
#..#...#.. ######
#......... #@...#
#.....)...
###W#######......)..
#........##.##.#.##.
#........'.......##.
##........##.##...##.
#.........'.......##.
#.........##.##...##.
###.........##..รท...##.
#......................


You could see kaiyo's ghost.

Vanquished Creatures
  A bullfrog (D:3)
  3 adders (D:3)
  A dart slug (D:1)
  An orc (D:3)
  7 ball pythons
  2 bats
  6 endoplasms
  A giant cockroach (D:2)
  A goblin (D:2)
  4 hobgoblins
  3 jackals (D:2)
  6 kobolds
  3 quokkas
  5 rats
44 creatures vanquished.

Notes
Turn   | Place    | Note
-------+----------+-------------------------------------------
     0 | D:1      | meatmacerator the Octopode Fighter began the quest for the
                  | Orb.
     0 | D:1      | Reached XP level 1. HP: 16/16 MP: 1/1
   112 | D:1      | Reached XP level 2. HP: 21/21 MP: 2/2
   658 | D:2      | Reached XP level 3. HP: 17/26 MP: 3/3
   772 | D:2      | Reached skill level 1 in Stealth
  1406 | D:3      | Found an iron altar of Okawaru.
  1416 | D:3      | Became a worshipper of Warmaster Okawaru
  1510 | D:3      | Found a glowing golden altar of the Shining One.
  1518 | D:3      | Found a broken altar of Ashenzari.
  1813 | D:3      | Found a runed translucent door.
  1814 | D:3      | Noticed a bullfrog
  1889 | D:3      | Found a runed translucent door.
  1891 | D:3      | Noticed kaiyo's ghost (weakling KoBr)
  1924 | D:3      | Reached XP level 4. HP: 31/31 MP: 4/4
  2347 | D:3      | Killed a bullfrog
  2348 | D:3      | Reached XP level 5. HP: 8/36 MP: 5/5
  2390 | D:3      | Slain by kaiyo's ghost

Illustrated notes

Levels and vault maps discovered:
D:1:      shiori_arrival_maze, layout_rooms, serial_glass, glass_columns_b,
          glass_columns_c, glass_columns_a, glass_columns_c
D:2:      layout_basic
D:3:      layout_basic, okawaru_ov_weapons_minmay, minitemple,
          ebering_ghost_sewer_f, minmay_misc_feat_tiny

Skill      XL: |  1  2  3  4 |
---------------+-------------+-----
Stealth        | 1 3 |  3.0
Unarmed Combat | 3 |  3.7
Fighting       | |  3.3
Dodging        | |  3.5
Shields        | |  3.3

Action                     |  1- 3 |  4- 6 || total
---------------------------+-------+-------++-------
  Melee: Unarmed           |    70 |    15 ||    85
         Constrict         |    20 |     5 ||    25
         Tentacles         |    17 |     4 ||    21
         Punch             |     3 |       ||     3
    Use: Scroll            |     3 |     1 ||     4
   Stab: Sleeping          |     8 |       ||     8
         Distracted        |     1 |       ||     1
 Armour: Skin              |    14 |    11 ||    25
  Dodge: Dodged            |    27 |    11 ||    38
  Block: Buckler           |    17 |     5 ||    22

Table legend: (Time is in decaauts)
 A = Elapsed time spent in this place.
 B = Non-inter-level travel time spent in this place.
 C = Inter-level travel time spent in this place.
 D = Time resting spent in this place.
 E = Time spent auto-exploring this place.
 F = Levels seen in this place.
 G = Mean time per level.
                   A        B        C        D        E       F      G
               +--------+--------+--------+--------+--------+-----+--------+
         Total |   2389 |   2297 |     92 |      0 |   1952 |   3 |  796.3 |
       Dungeon |   2389 |   2297 |     92 |      0 |   1952 |   3 |  796.3 |
               +--------+--------+--------+--------+--------+-----+--------+

Top non-repeatable levels by time:
     D:3: 994 daAuts
     D:2: 848 daAuts
     D:1: 546 daAuts
